Map: [ESL] Tropical Sacrifice

Players

soO

  • Race: Zerg Zerg
  • Spawn Location: 1:00

Creator - Winner!

  • Race: Protoss Protoss
  • Spawn Location: 7:00

Event: DreamHack SC2 Masters 2022 Atlanta (Offline)

VOD

Have the link to the VOD?

Description

Time

  • Played on: Nov. 19, 2022, 10:28 a.m.
  • Length: 8:35

All games in this series

Show
View Real Time Build Order
Export as new Build Order

soO Zerg 

Build Orders: Hatch First 

Get SALT Encoding   

  12  0:00  Drone  
  13  0:12  Overlord  
  13  0:17  Drone  
  14  0:30  Drone x2  
  16  0:44  Drone  
  17  0:54  Hatchery  
  17  0:56  Drone  
  17  0:59  Drone  
  18  1:10  Extractor  
  17  1:14  Spawning Pool  
  17  1:17  Drone  
  17  1:21  Drone  
  18  1:27  Drone  
  19  1:38  Drone  
  20  1:49  Overlord  
  20  2:01  Queen  
  20  2:05  Queen  
  20  2:06  Zergling x4  
  26  2:12  Metabolic Boost, Drone  
  27  2:16  Drone  
  27  2:21  Drone  
  29  2:29  Drone  
  30  2:33  Drone  
  31  2:41  Hatchery  
  30  2:49  Drone  
  31  2:51  Queen  
  31  2:55  Overlord  
  31  2:58  Drone  
  34  3:00  Drone  
  34  3:03  Drone  
  36  3:13  Queen  
  36  3:14  Drone  
  36  3:15  Drone  
  36  3:16  Drone  
  36  3:19  Overlord  
  41  3:20  Drone  
  41  3:25  Drone  
  43  3:36  Queen, Overlord  
  43  3:40  Drone x2  
  47  3:45  Drone  
  47  3:47  Drone  
  49  3:51  Queen  
  49  3:54  Drone  
  49  3:55  Roach Warren  
  51  4:02  Drone  
  52  4:05  Drone x2  
  52  4:08  Zergling x12  
  60  4:13  Spore Crawler  
  59  4:18  Spore Crawler  
  59  4:19  Spore Crawler  
  59  4:21  Zergling x6  
  60  4:28  Overlord  
  60  4:31  Zergling x8  
  60  4:35  Drone x2  
  60  4:37  Overlord  
  66  4:43  Overlord  
  66  4:44  Extractor  
  65  4:50  Drone x3  
  65  4:51  Drone x2  
  69  4:53  Lair  
  69  5:02  Roach x4  
  69  5:04  Drone  
  78  5:14  Drone x3  
  78  5:15  Drone  
  82  5:23  Drone x2  
  82  5:24  Overlord  
  82  5:25  Overlord  
  82  5:26  Roach x2  
  88  5:31  Overlord x2  
  88  5:33  Overlord  
  88  5:35  Overlord  
  88  5:39  Overlord  
  82  5:45  Drone x6  
  82  5:46  Drone  
  82  5:47  Drone  
  90  5:56  Spire  
  89  5:57  Drone  
  89  5:58  Drone x2  
  91  6:09  Drone x7  
  91  6:11  Drone x3  
  98  6:14  Extractor  
  98  6:15  Drone x2  
  98  6:16  Extractor  
  98  6:17  Drone  
  93  6:19  Extractor  
  93  6:20  Extractor  
  93  6:21  Queen  
  89  6:26  Drone x2  
  91  6:33  Overlord  
  91  6:34  Overlord  
  91  6:35  Queen, Drone  
  91  6:39  Overlord  
  94  6:41  Overlord  
  94  6:44  Overlord  
  94  6:49  Glial Reconstitution, Overlord  
  94  6:52  Drone x2  
  94  6:53  Drone, Overlord  
  97  7:00  Roach x6  
  109  7:07  Roach  
  109  7:08  Roach x2  
  113  7:11  Corruptor, Roach x2  
  111  7:16  Roach x2  
  102  7:23  Corruptor  
  102  7:24  Queen  
  102  7:25  Queen  
  102  7:29  Zergling x4  
  88  7:38  Zergling x6  
  88  7:43  Corruptor  
  89  7:46  Zergling x6  
  89  7:49  Corruptor  
  87  7:52  Roach  
  87  7:54  Roach  
  87  7:58  Roach x2  
  87  8:02  Roach  
  87  8:03  Roach  
  87  8:05  Roach  
  85  8:09  Roach  
  85  8:11  Drone x2  
  79  8:13  Drone  
  79  8:14  Drone  
  79  8:16  Drone  
  82  8:20  Drone x3  
  82  8:21  Drone  
Show
View Real Time Build Order
Export as new Build Order

Creator Protoss - Winner!

Build Orders: 1 Gate Expand, Mass Phoenix 

Get SALT Encoding   

  12  0:00  Probe  
  13  0:14  Pylon  
  13  0:17  Probe (Chrono Boost)  
  14  0:27  Probe (Chrono Boost)  
  15  0:32  Probe (Chrono Boost)  
  16  0:40  Gateway  
  16  0:44  Probe  
  16  0:49  Assimilator  
  17  0:56  Probe  
  18  1:08  Probe  
  19  1:20  Probe  
  20  1:27  Nexus  
  20  1:38  Cybernetics Core  
  20  1:40  Probe  
  20  1:45  Assimilator  
  21  1:52  Probe  
  22  1:57  Pylon  
  22  2:04  Probe  
  23  2:12  Adept (Chrono Boost)  
  25  2:16  Probe  
  26  2:24  Warp Gate  
  26  2:28  Probe (Chrono Boost)  
  27  2:35  Stalker  
  29  2:40  Probe (Chrono Boost)  
  29  2:42  Probe (Chrono Boost)  
  31  2:48  Probe (Chrono Boost)  
  31  2:50  Probe (Chrono Boost)  
  33  2:55  Probe (Chrono Boost)  
  33  2:56  Probe (Chrono Boost), Gateway  
  35  3:07  Probe x2  
  37  3:18  Stargate  
  37  3:19  Probe x2, Stargate  
  39  3:29  Assimilator  
  39  3:31  Probe (Chrono Boost)  
  39  3:32  Pylon  
  41  3:35  Probe (Chrono Boost)  
  42  3:43  Probe (Chrono Boost)  
  42  3:46  Assimilator  
  42  3:47  Probe (Chrono Boost)  
  42  3:48  Probe (Chrono Boost)  
  43  3:49  Pylon  
  44  3:55  Probe  
  44  3:58  Probe  
  44  4:01  Phoenix (Chrono Boost)  
  48  4:07  Probe  
  51  4:10  Phoenix (Chrono Boost), Probe  
  51  4:11  Pylon  
  51  4:12  Adept  
  51  4:13  Zealot  
  58  4:25  Pylon  
  58  4:27  Phoenix (Chrono Boost)  
  58  4:29  Phoenix (Chrono Boost)  
  60  4:32  Gateway  
  60  4:34  Zealot  
  62  4:43  Phoenix (Chrono Boost)  
  66  4:53  Zealot  
  66  4:54  Phoenix (Chrono Boost), Probe  
  66  4:56  Zealot  
  71  5:01  Phoenix (Chrono Boost), Pylon  
  74  5:07  Probe  
  74  5:13  Zealot  
  76  5:19  Nexus  
  76  5:26  Pylon  
  76  5:35  Phoenix  
  76  5:39  Probe  
  80  5:42  Probe  
  80  5:44  Zealot  
  80  5:46  Shield Battery  
  80  5:49  Robotics Facility  
  82  5:51  Probe  
  82  5:55  Probe  
  82  5:56  Zealot x2  
  88  6:03  Probe  
  89  6:07  Zealot, Probe  
  89  6:11  Phoenix x2  
  94  6:15  Pylon  
  94  6:25  Forge  
  94  6:26  Pylon  
  94  6:31  Probe x2  
  96  6:33  Zealot x3  
  96  6:35  Probe  
  103  6:43  Probe x2  
  103  6:45  Immortal  
  108  6:55  Sentry, Probe  
  108  6:56  Probe  
  108  6:57  Robotics Bay  
  108  6:59  Zealot, Pylon  
  108  7:01  Probe  
  113  7:16  Zealot  
  113  7:19  Probe x2  
  113  7:20  Probe  
  112  7:23  Zealot  
  112  7:26  Twilight Council, Assimilator x2  
  112  7:27  Pylon  
  114  7:33  Immortal (Chrono Boost)  
  109  7:37  Probe x3  
  109  7:41  Stalker x2  
  109  7:50  Zealot  
  109  7:54  Gateway  
  109  7:55  Gateway  
  109  7:57  Gateway  
  105  8:12  Stalker x3  
  108  8:15  Pylon  
  104  8:23  Gateway  
  104  8:24  Gateway  
  104  8:26  Gateway  
  104  8:30  Shield Battery  
Tags
 
Add a new tag
Caveats
  • Supply blocks, unpowered buildings, or Contaminate may cause inaccurate times.
  • Supply counts are checked every 10 seconds.